 Dungeon Crawl Stone Soup version 0.31.0-11-ge490571c62 (webtiles) character file.

Game seed: 5252312809971280673

47 qw the Shooter (level 3, 0/18 HPs)
             Began as a Spriggan Hunter on Feb 3, 2024.
             Slain by a giant cockroach (2 damage)
             ... on level 2 of the Dungeon.
             The game lasted 00:00:15 (864 turns).

qw the Shooter (Spriggan Hunter)                     Turns: 864, Time: 00:00:15

Health: 0/18       AC:  6    Str:  7    XL:     3   Next: 48%
Magic:  4/4        EV: 19    Int: 10    God:
Gold:   0          SH:  0    Dex: 20    Spells: 2/2 levels left

rFire   . . .        a - +1 shortbow
rCold   . . .        (shield currently unavailable)
rNeg    . . .        c - +0 robe
rPois   .            (helmet restricted)
rElec   .            (no cloak)
rCorr   .            (gloves unavailable)
SInv    +            (boots unavailable)
Will    .....        (no amulet)
Stlth   ++           h - +4 ring of protection
HPRegen 0.23/turn    (no ring)
MPRegen 0.09/turn

%: no passive effects
@: very quick
A: very small, no large weapons, unfitting armour, see invisible, speed 3
a: no special abilities


You were on level 2 of the Dungeon.
You visited 1 branch of the dungeon, and saw 2 of its levels.


Innate Abilities, Weirdness & Mutations

You are very small and have problems with some larger weapons.
You are too small for most types of armour.
You have supernaturally acute eyesight. (SInv)
You cover ground extremely quickly. (Speed+++)


   Skills:
 - Level 1.5 Fighting
 + Level 4.7 Ranged Weapons
 - Level 4.0 Dodging
 - Level 1.5 Stealth


You had 2 spell levels left.
You didn't know any spells.
Your spell library was empty.

Inventory:

Hand Weapons
 a - a +1 shortbow (weapon)
Armour
 c - a +0 robe (worn)
Jewellery
 h - a +4 ring of protection (left hand)
Potions
 e - a potion of enlightenment {unknown}
 f - a potion of haste {unknown}

Dungeon Overview and Level Annotations

Branches:
Dungeon (2/15)

Altars:

Annotations:
D:2 Robin


Message History

The goblin hits you but does no damage. x2; The goblin misses you.
You shoot an arrow. The arrow hits the goblin!
You kill the goblin!
Robin completely misses you. The goblin barely misses you.
The hobgoblin closely misses you. The goblin closely misses you.
Robin closely misses you. The goblin misses you.
The hobgoblin barely misses you. The goblin closely misses you.
You shoot an arrow. The arrow hits the goblin!
You kill the goblin!
Robin throws the goblin at you! The goblin closely misses you.
The hobgoblin hits you. The goblin barely misses you.
You shoot an arrow. The arrow hits the goblin.
The goblin is severely wounded.
Robin closely misses you. The goblin closely misses you.
The hobgoblin barely misses you. The goblin closely misses you.
You shoot an arrow. The arrow hits the goblin.
You kill the goblin!
Robin closely misses you. The goblin misses you.
The hobgoblin closely misses you.
The giant cockroach completely misses you.
You shoot an arrow. The arrow hits the goblin!
You kill the goblin!
Robin hits you from afar with a +0 spear.
The hobgoblin completely misses you.
The giant cockroach bites you but does no damage.
You shoot an arrow. The arrow barely misses the hobgoblin.
Robin barely misses you. The hobgoblin hits you.
The giant cockroach completely misses you.
You shoot an arrow. The arrow closely misses the hobgoblin.
The hobgoblin no longer looks unusually strong.
The giant cockroach closely misses you. Robin closely misses you.
The hobgoblin barely misses you. The giant cockroach closely misses you.
The hobgoblin barely misses you. Robin misses you.
You shoot an arrow. The arrow hits the hobgoblin!
You kill the hobgoblin!
The giant cockroach barely misses you. Robin hits you but does no damage.
You shoot an arrow. The arrow hits the giant cockroach.
The giant cockroach is moderately wounded.
The giant cockroach bites you.
You die...

#..# #.)# #..# #..#
#..# ######.g#####
#.....)B)...#######
#)@# #.##.<..# #))#
#.##.##>.....
#.####..# #.##.#
####.
........###.##.#
..#####........##
#####.#...# #.#.#.#
#.#.#.# #.#.#.#


You could see Robin and a giant cockroach.

Vanquished Creatures
  A dart slug (D:1)
  6 ball pythons (D:1)
  3 endoplasms (D:1)
  2 giant cockroaches (D:1)
  11 goblins
  5 hobgoblins
  A jackal (D:1)
  A quokka (D:1)
  5 bats (D:1)
  2 kobolds (D:1)
37 creatures vanquished.

Notes
Turn   | Place    | Note
-------+----------+-------------------------------------------
     0 | D:1      | qw the Spriggan Hunter began the quest for the Orb.
     0 | D:1      | Reached XP level 1. HP: 10/10 MP: 2/2
     0 | D:1      | 0 ||| qw: Version: 0.3-a-155-g5e7d8dd
     0 | D:1      | 0 ||| qw: Game counter: 3230
     0 | D:1      | 0 ||| qw: Melee chars always use a shield: true
     0 | D:1      | 0 ||| qw: God list: Okawaru
     0 | D:1      | 0 ||| qw: Allow faded altars: false
     0 | D:1      | 0 ||| qw: Do Orc after clearing Dungeon:15 true
     0 | D:1      | 0 ||| qw: Do second Lair branch before Depths: true
     0 | D:1      | 0 ||| qw: Lair rune preference: random
     0 | D:1      | 0 ||| qw: Goals: Normal
     0 | D:1      | 0 ||| PLANNING D:1-11
    48 | D:1      | Reached skill level 3 in Dodging
   129 | D:1      | Reached XP level 2. HP: 14/14 MP: 3/3
   425 | D:1      | Reached XP level 3. HP: 15/18 MP: 4/4
   681 | D:1      | Found a faded altar of an unknown god.
   780 | D:1      | 780 ||| UPGRADING to +4 ring of protection.
   789 | D:1      | 789 ||| READING scroll labelled ZENYTU SUNEIL.
   789 | D:1      | 789 ||| ENCHANTING +0 shortbow.
   790 | D:1      | 790 ||| READING scroll labelled EMUDIG COAZUSEWN.
   810 | D:1      | 810 ||| DROPPING scroll of butterflies.
   844 | D:2      | Noticed Robin
   861 | D:2      | HP: 2/18 [hobgoblin[Robin] (5)]
   864 | D:2      | Slain by a giant cockroach

Levels and vault maps discovered:
D:1:      dpeg_arrival_brainrot, layout_loops_ring,
          nicolae_ecumenical_lake_church
D:2:      layout_loops_ring, grunt_ministairs_15, uniq_robin

Skill      XL: |  1  2 |
---------------+-------+-----
Dodging        | 3 4 |  4.0
Fighting       | |  1.5
Ranged Weapons | |  4.7
Stealth        | |  1.5

Action                     || total
---------------------------++-------
   Fire: Shortbow          ||    88
    Use: Scroll            ||     2
 Armour: Robe              ||    31
  Dodge: Dodged            ||    87

Table legend:
 A = Non-vault XP
 B = Vault XP
 C = Vault XP percentage of total XP
 D = Non-vault monster count
 E = Vault monster count
 F = Vault count percentage of total count
                 A         B        C        D         E       F
            +---------+---------+-------+---------+---------+-------
      Total |      45 |      23 |  33.8 |      25 |      12 |  32.4
            +---------+---------+-------+---------+---------+-------
        D:1 |      45 |       2 |   4.3 |      25 |       1 |   3.8
        D:2 |       0 |      21 | 100.0 |       0 |      11 | 100.0
            +---------+---------+-------+---------+---------+-------
